 Dungeon Crawl Stone Soup version 0.29.1-12-g30fa7ad0bf (webtiles) character file.

Game seed: 14550736761471751398

938 H0rd4k the Poker (level 8, -4/54 HPs)
             Began as an Octopode Artificer on Dec 15, 2022.
             Killed by divine providence
             ... invoked by an orc priest
              (14 damage)
             ... on level 4 of the Dungeon.
             The game lasted 00:04:12 (5911 turns).

H0rd4k the Poker (Octopode Artificer)               Turns: 5911, Time: 00:04:13

Health: -4/54      AC:  1    Str: 11    XL:     8   Next: 12%
Magic:  13/13      EV: 13    Int: 16    God:
Gold:   192        SH:  0    Dex: 12    Spells: 14/14 levels left

rFire   + . .      SeeInvis .   q - +5 scythe (venom)
rCold   . . .      Faith    .   (shield currently unavailable)
rNeg    . . .      Spirit   .   (helmet restricted)
rPois   .          Reflect  .   (no amulet)
rElec   .          Harm     .   (no ring)
rCorr   .          Rampage  .   (no ring)
Will    .....                   (no ring)
Stlth   +++.......              (no ring)
HPRegen 0.18/turn               (no ring)
MPRegen 0.13/turn               (no ring)
                                (no ring)
                                (no ring)

@: unable to read
A: almost no armour, amphibious, 8 rings, camouflage 1, gelatinous body 1,
(nimble swimmer 1), tentacles, fire resistance 1, inability to read after injury
1
a: no special abilities


You were on level 4 of the Dungeon.
You visited 1 branch of the dungeon, and saw 4 of its levels.
You also visited: Sewer.

You collected 192 gold pieces.

Inventory:

Hand Weapons
 q - a +5 scythe of venom (weapon)
 z - the +11 mace "Ogreslayer" {pain, rF+ rN+ Dex+2}
   (You found it in a sewer)

   In the hands of one skilled in necromantic magic, it inflicts extra damage on
   living creatures.
   Dex:       It affects your dexterity (+2).
   rF:        It protects you from fire.
   rN:        It protects you from negative energy.
Missiles
 j - 14 poisoned darts
 r - a throwing net
Magical Staves
 y - a staff of fire
Jewellery
 B - an amulet of faith
 D - a ring of fire
 E - an amulet of guardian spirit
Wands
 b - a wand of flame (14) (quivered)
 c - a wand of charming (10)
 d - a wand of iceblast (3)
 x - a wand of paralysis (7)
Scrolls
 a - 2 scrolls of magic mapping {unknown}
 e - 3 scrolls of vulnerability {unknown}
 k - a scroll of poison {unknown}
 n - a scroll of teleportation {unknown}
 o - a scroll of enchant weapon {unknown}
 p - 4 scrolls of identify {unknown}
 s - a scroll of fear {unknown}
 t - 2 scrolls of blinking
 u - a scroll of acquirement {unknown}
Potions
 f - a potion of mutation
 g - a potion of invisibility {unknown}
 h - a potion of cancellation
 i - a potion of attraction {unknown}
 l - a potion of haste {unknown}
 m - 2 potions of heal wounds
 v - a potion of curing {unknown}
 w - a potion of might {unknown}
 A - a potion of berserk rage {unknown}
 C - a potion of flight {unknown}


   Skills:
 * Level 4.5 Fighting
 + Level 4.7 Polearms
 - Level 2.3 Dodging
 - Level 1.3 Stealth
 + Level 3.8 Unarmed Combat
 * Level 3.7 Spellcasting
 - Level 3.2 Evocations


You had 14 spell levels left.
You didn't know any spells.
Your spell library contained the following spells:

 Spells                   Type           Power      Damage    Failure   Level
 Freeze                   Ice            8%         1d3       17%         1
 Frozen Ramparts          Ice            4%         1d1       45%         3
 Cause Fear               Hex            1%         N/A       86%         4
 Hailstorm                Conj/Ice       2%         3d3       86%         4
 Blade Hands              Tmut           1%         N/A       99%         5
 Iron Shot                Conj/Erth      1%         9d1       100%        6
 Dragon Form              Tmut           1%         N/A       100%        7
 Dragon's Call            Summ           1%         N/A       100%        9
 Animate Armour           Summ/Erth      Unusable   N/A       N/A         4

Dungeon Overview and Level Annotations

Branches:
Dungeon (4/15)              Sewer (visited)
 Temple: D:4-7

Altars:
Dithmenos
Nemelex Xobeh
Qazlal
Xom


Innate Abilities, Weirdness & Mutations

You cannot wear most types of armour.
You are amphibious.
You can wear up to eight rings at the same time.
Your skin changes colour to match your surroundings (Stealth+).
Your rubbery body absorbs attacks. (AC +1, EV +1)
((You are camouflaged when in or above water. (Stealth+)))
You have tentacles for arms and can constrict up to eight enemies at once.
Your flesh is heat resistant. (rF+)
You occasionally lose the ability to read scrolls when taking damage.


Message History

Reactivating autopickup.
The rotten bat barely misses your orc wizard.
The ice bat completely misses your orc wizard.
The rotten bat hits your orc wizard but does no damage.
The ice bat barely misses your orc wizard.
The rotten bat closely misses your orc wizard.
The ice bat closely misses your orc wizard.
An orc comes into view. It is wielding a +0 dagger.
What are your orders? t - Shout!
Orders for allies: a - Attack new target. p - Attack previous target. r - Retreat! s - Stop attacking. g - Guard the area. f - Follow me.
Anything else - Cancel.
Guard this area!
The rotten bat barely misses your orc wizard.
The ice bat barely misses your orc wizard.
The rotten bat barely misses your orc wizard.
The ice bat barely misses your orc wizard.
The rotten bat misses your orc wizard.
The orc priest calls down the wrath of Beogh upon you.
Beogh smites you!
You feel threatened and lose the ability to read scrolls!
* * * LOW HITPOINT WARNING * * *
Your orc wizard barely misses the rotten bat.
The ice bat hits your orc wizard but does no damage.
The rotten bat misses your orc wizard.
The ice bat barely misses your orc wizard.
The rotten bat hits your orc wizard but does no damage.
The ice bat barely misses your orc wizard.
Your orc wizard hits the rotten bat with a +0 dagger.
The rotten bat misses your orc wizard.
Something closely misses your orc wizard.
The rotten bat barely misses your orc wizard.
Something closely misses your orc wizard.
The rotten bat misses your orc wizard.
Something hits your orc wizard but does no damage.
The orc priest invokes the aid of Beogh against you.
Beogh smites you!
You die...

# #..# o# ##.#
.## #.# #)###
#.# ####
##oo.# #.#
#.†## #ZZ#..#
#.# #...###o##
..# #.##
##†###.## ..#
#..# ####.##.#
.# ##.#
#.†.#..@## #
#.# ######...#
#.### #.†##.#
#.()########.#
###...#####.##
###...)...#
#########


You could see an orc priest, a rotten bat (distracted) and a friendly orc wizard
(charmed, invisible, poisoned).

Vanquished Creatures
  Sigmund (D:2)
  A phantom (D:3)
  2 bullfrogs (Sewer)
  A scorpion (D:4)
  2 hounds (D:4)
  2 orc priests (D:4)
  3 orc wizards (D:4)
  3 gnolls (D:2)
  2 river rats (D:4)
  5 adders
  A shadow imp (D:3)
  6 worms
  A dart slug (D:2)
  A fire bat (D:4)
  17 orcs
  13 ball pythons
  8 bats (D:4)
  3 bat skeletons (D:4)
  19 endoplasms
  20 giant cockroaches
  7 goblins
  5 hobgoblins
  2 jackals (D:4)
  13 quokkas
  14 frilled lizards
  7 kobolds
  8 rats
167 creatures vanquished.

Vanquished Creatures (collateral kills)
  4 endoplasms
4 creatures vanquished.

Vanquished Creatures (others)
  An adder (Sewer)
  4 plants (D:3)
5 creatures vanquished.

Grand Total: 176 creatures vanquished

Notes
Turn   | Place    | Note
-------+----------+-------------------------------------------
     0 | D:1      | H0rd4k the Octopode Artificer began the quest for the Orb.
     0 | D:1      | Reached XP level 1. HP: 13/13 MP: 1/1
    65 | D:1      | Reached XP level 2. HP: 3/19 MP: 2/2
   373 | D:1      | Reached skill level 1 in Spellcasting
   524 | D:1      | Found a faded altar of an unknown god.
  1315 | D:2      | Reached XP level 3. HP: 17/24 MP: 4/4
  1430 | D:2      | Found a sparkling altar of Nemelex Xobeh.
  1820 | D:2      | Reached skill level 1 in Unarmed Combat
  1886 | D:2      | Reached XP level 4. HP: 30/30 MP: 6/6
  2634 | D:2      | Noticed Sigmund
  2639 | D:2      | Gained mutation: Your body sometimes deteriorates upon
                  | taking damage. [potion of mutation]
  2639 | D:2      | Gained mutation: You occasionally lose the ability to read
                  | scrolls when taking damage. [potion of mutation]
  2639 | D:2      | Lost mutation: Your body sometimes deteriorates upon taking
                  | damage. [potion of mutation]
  2639 | D:2      | Gained mutation: Your flesh is heat resistant. (rF+)
                  | [potion of mutation]
  2677 | D:2      | Killed Sigmund
  2678 | D:2      | Reached XP level 5. HP: 26/36 MP: 7/9
  2678 | D:2      | Reached XP level 6. HP: 31/42 MP: 7/10
  3581 | D:3      | Reached skill level 1 in Polearms
  4229 | D:4      | Found a shadowy altar of Dithmenos.
  4389 | D:4      | Found a shimmering altar of Xom.
  4418 | D:4      | Reached XP level 7. HP: 40/46 MP: 11/11
  4521 | D:4      | HP: 2/47 [quokka (2)]
  4526 | D:4      | Found a glowing drain.
  4530 | Sewer    | Entered a sewer
  5408 | Sewer    | Identified the +11 mace "Ogreslayer" {pain, rF+ rN+ Dex+2}
  5544 | D:4      | Found a stormy altar of Qazlal.
  5860 | D:4      | Reached XP level 8. HP: 54/54 MP: 13/13
  5911 | D:4      | Killed from afar by an orc priest

Illustrated notes

Levels and vault maps discovered:
D:1:      noname_arrival_rooms_in_the_neighbourhood, layout_loops_cross,
          shapermc_ecumenical_altar_starsandcircs
D:2:      minmay_roachtagon, layout_basic, basic_altar, uniq_sigmund
D:3:      layout_loops_corners, serial_forest, infiniplex_forest_end_3,
          infiniplex_forest_fountain, infiniplex_forest_fountain,
          infiniplex_forest_clump_curved, infiniplex_forest_end_1,
          infiniplex_forest_clump_small, infiniplex_forest_clump_double
D:4:      layout_rooms, mainiacjoe_overflow_brackets, lemuel_crystal_altar,
          mainiacjoe_overflow_tiny_flanked, gup_sewer_entry_spiral,
          goddamned_bats

Skill      XL: |  1  2  3  4  5  6  7 |
---------------+----------------------+-----
Spellcasting   | 1 2 3 |  3.7
Fighting       | 2 3 4 |  4.5
Unarmed Combat | 1 3 |  3.8
Polearms       | 2 4 |  4.7
Dodging        | |  2.3
Stealth        | |  1.3
Evocations     | |  3.2

Action                   |  1- 3 |  4- 6 |  7- 9 || total
-------------------------+-------+-------+-------++-------
Melee: Unarmed           |    92 |    29 |       ||   121
       Constrict         |    26 |    16 |    24 ||    66
       Tentacles         |    26 |    12 |    25 ||    63
       Punch             |     2 |       |     3 ||     5
       Halberd           |       |    57 |   151 ||   208
Evoke: Wand              |     1 |     3 |     4 ||     8
  Use: Potion            |       |     3 |     1 ||     4
 Stab: Sleeping          |     5 |    11 |    20 ||    36
       Distracted        |       |       |     1 ||     1
Armor: Skin              |     5 |     1 |    14 ||    20
Dodge: Dodged            |    62 |    30 |    90 ||   182
